cohdb
Replays
Latest Replays
All Replays
Popular Replays
Top Player Replays
Match Explorer
How It Works
Community
CoH3 Stats
Reddit
Sign in to upload your games and track your stats! →
Sign in with Steam
Match 19624137
Unlisted
Match 19624137
Overview
Messages
Build Orders
End
Royal Engineer Section
Construct Section Command Post
Infantry Section
Infantry Section
Infantry Section
Construct Field Infirmary
Grenade Package
Selects Indian Artillery Battlegroup
Selects Towed ML 4.2-inch Heavy Mortar
Construct Platoon Command Post
Selects Valour
Towed ML 4.2-inch Heavy Mortar
Selects Gurkha Rifles Section
6-pounder Anti-tank Gun Team
Gurkha Rifles Section
Selects Off-map Airburst Barrage
Construct Company Command Post
Matilda II Heavy Tank
Gurkha Rifles Section
Matilda II Heavy Tank
Emilioboka
KennyT
BreadMarshLivePlace
MonoChrome
0
0
Comments
sign in to comment!
No comments posted yet!